 Dungeon Crawl Stone Soup version 0.31-a0-182-gc5ef74bbde (webtiles) character file.

Game seed: 10224562917925602892

72499 qw the Severer (level 15, -1/96 HPs)
             Began as a Gargoyle Fighter on June 21, 2023.
             Was an Elder of Okawaru.
             Slain by a juggernaut zombie (18 damage)
             ... on level 15 of the Dungeon.
             The game lasted 00:13:17 (24159 turns).

qw the Severer (Gargoyle Fighter)                  Turns: 24159, Time: 00:13:17

Health: -1/96      AC: 38    Str: 35    XL:     15   Next: 40%
Magic:  22/22      EV: 12    Int:  8    God:    Okawaru [****..]
Gold:   825        SH: 13    Dex: 11    Spells: 14/14 levels left

rFire   . . .        e - +12 broad axe of the Demagogue {flame, rPois rCorr Int-2}
rCold   . . .        B - +0 kite shield
rNeg    + . .        t - +4 chain mail
rPois   inf          m - +1 hat of the Demon Prince {Will+ Str+4}
rElec   +            z - +0 cloak of Qeuhot {Will- Str+5}
rCorr   +            o - +2 pair of gloves
SInv    +            (no boots)
Will    +....        g - amulet of faith
Stlth   +            F - ring of see invisible
HPRegen 0.36/turn    v - +4 ring of protection
MPRegen 0.18/turn

%: faith
@: heroic, flying
A: sickness immunity, AC +11, big wings, negative energy resistance 1,
electricity resistance, torment resistance 1, petrification resistance, horns 1,
thin skeletal structure 1
a: Renounce Religion, Heroism, Finesse


You were on level 15 of the Dungeon.
You worshipped Okawaru.
Okawaru was greatly pleased with you.
You visited 2 branches of the dungeon, and saw 20 of its levels.

You collected 1350 gold pieces.
You spent 525 gold pieces at shops.


Innate Abilities, Weirdness & Mutations

You are immune to sickness and miasma.
Your stone body is resilient. (AC +11)
You are immune to poison.
Your large and strong wings let you fly.
You resist negative energy. (rN+)
You are resistant to electric shocks. (rElec)
You are resistant to unholy torment.
You are immune to petrification.
You have a pair of small horns on your head.
You have a somewhat thin skeletal structure. (Dex +2, Stealth+)


   Skills:
 - Level 12.0(17.0) Fighting
 - Level 16.0(21.0) Axes
 - Level 6.2(11.2) Throwing
 - Level 9.1(14.1) Armour
 - Level 4.1(9.1) Dodging
 + Level 12.2(17.2) Shields
 - Level 10.0 Invocations


You had 14 spell levels left.
You didn't know any spells.
Your spell library was empty.

Inventory:

Hand Weapons
 e - the +12 broad axe of the Demagogue (weapon) {flame, rPois rCorr Int-2}
   (You took it off an orc on level 3 of the Dungeon)

   Int:       It affects your intelligence (-2).
   rPois:     It protects you from poison.
   rCorr:     It protects you from acid and corrosion.
 w - a +0 broad axe
Missiles
 l - 5 boomerangs (quivered)
 x - 2 silver javelins
Armour
 m - the +1 hat of the Demon Prince (worn) {Will+ Str+4}
   (Okawaru gifted it to you on level 12 of the Dungeon)

   Str:       It affects your strength (+4).
   Will:      It increases your willpower.
 o - a +2 pair of gloves (worn)
 t - a +4 chain mail (worn)
 y - the +1 pair of gloves "Fuulioc" {Harm rC- Dex+4}
   (Okawaru gifted it to you on level 1 of the Lair of Beasts)

   Dex:       It affects your dexterity (+4).
   rC:        It makes you vulnerable to cold.
   Harm:      It increases damage dealt and taken.
 z - the +0 cloak of Qeuhot (worn) {Will- Str+5}
   (You found it on level 1 of the Lair of Beasts)

   Str:       It affects your strength (+5).
   Will:      It decreases your willpower.
 B - a +0 kite shield (worn)
Jewellery
 g - an amulet of faith (around neck)
 u - an amulet of the acrobat
 v - a +4 ring of protection (right hand)
 C - a ring of positive energy
 D - a ring of fire
 E - a ring of protection from fire
 F - a ring of see invisible (left hand)
 H - a +6 ring of strength
 Y - a ring of protection from cold
Wands
 G - a wand of digging (5)
Scrolls
 b - 8 scrolls of identify
 h - 2 scrolls of enchant armour
 i - 3 scrolls of enchant weapon
 p - 8 scrolls of teleportation
 A - a scroll of brand weapon
Potions
 a - 2 potions of heal wounds
 c - 4 potions of resistance
 d - 4 potions of might
 f - 2 potions of attraction
 j - 2 potions of lignification
 k - 11 potions of curing
 n - 4 potions of haste
 q - 3 potions of enlightenment
 r - 2 potions of mutation
 s - a potion of magic

Dungeon Overview and Level Annotations

Branches:
Dungeon (15/15)            Temple (0/1) D:6            Lair (5/5) D:10
 Shoals (0/4) Lair:2        Snake (0/4) Lair:2        Slime (0/5) Lair:4
    Orc (0/2) D:11         Vaults (0/5) D:14
 Depths: D:15

Altars:
Dithmenos
Fedhas
Okawaru
Qazlal
Ru
Trog
Vehumet
Xom
Yredelemnul
Zin

Shops:
D:2 :   D:10 =??**   D:11 *   D:12 (

Portals:
Trove: D:12 (give +4 ice dragon scales)

Annotations:
D:9 2 transporters
D:13 1 runed translucent door, Ined's ghost, journeyman MiBe
Lair:5 2 runed translucent doors


Message History

You burn the flayed ghost!
You destroy the flayed ghost!
Okawaru accepts your kill.
You hit the juggernaut zombie. You burn the juggernaut zombie.
You carve the storm dragon zombie like a ham!!!
You burn the storm dragon zombie!!
You destroy the storm dragon zombie!
Okawaru accepts your kill.
You slash the juggernaut zombie! You burn the juggernaut zombie.
Your base Dodging skill increases to level 4!
You slash the juggernaut zombie! You burn the juggernaut zombie.
You headbutt the juggernaut zombie, but do no damage.
The juggernaut zombie is moderately damaged.
You slash the juggernaut zombie! You burn the juggernaut zombie.
You headbutt the juggernaut zombie, but do no damage.
The juggernaut zombie is heavily damaged.
You slice the cyclops!! You burn the cyclops!
The cyclops hits you but does no damage.
You open the juggernaut zombie like a pillowcase!!!
You burn the juggernaut zombie!
You headbutt the juggernaut zombie, but do no damage.
The juggernaut zombie is severely damaged.
You slash the cyclops! You burn the cyclops. The juggernaut zombie hits you!
You block the juggernaut zombie's attack.
You slash the cyclops! You burn the cyclops.
You kill the cyclops!
Okawaru accepts your kill.
You hit the juggernaut zombie but do no damage.
You hit the juggernaut zombie. You burn the juggernaut zombie.
You headbutt the juggernaut zombie, but do no damage.
The juggernaut zombie is severely damaged.
You slice the juggernaut zombie!! You burn the juggernaut zombie!
You headbutt the juggernaut zombie, but do no damage.
The juggernaut zombie is almost destroyed.
You hit the juggernaut zombie. You burn the juggernaut zombie.
You headbutt the juggernaut zombie, but do no damage.
The juggernaut zombie is almost destroyed.
The juggernaut zombie hits you! The juggernaut zombie hits you!!
You die...

...###..###.....##
####
#########........#
.... .....
+........# ....
..... #........#
.... .....
#........# ##..
..... #........#
.... .....
#....)...# ....
##### #........+
.... # #+######@#
.... #.....#
#(Z....... ....
#.....#
.'......... ..##
#.....#
...#......... . #
#.....#
.....#.....8... #
#.....# ....
#....8...P #
#.....# ...
#..P...... #
#.....# ...
#.......8. #
#.....###


You could see a juggernaut zombie.

Vanquished Creatures
  An entropy weaver (shapeshifter) (D:15)
  4 centaur warriors
  10 hydras
  2 two-headed ogres
  3 catoblepae
  2 boulder beetles
  11 death yaks
  A tengu warrior (D:14)
  A storm dragon zombie (D:15)
  A skyshark (Lair:5)
  A skeletal warrior (D:15)
  A flayed ghost (D:15)
  A deep elf pyromancer (D:14)
  2 lindwurms (Lair:5)
  2 manticores
  4 cyclopes
  3 elephants (Lair:5)
  5 black mambas
  2 molten gargoyles (Lair:5)
  A gargoyle (D:12)
  6 cane toads
  4 unseen horrors
  Maggie (D:7)
  A yaktaur (D:15)
  3 rime drakes
  12 komodo dragons
  A tengu conjurer (D:14)
  A meliai (shapeshifter) (D:14)
  2 hornets
  3 meliai (D:15)
  2 polar bears
  4 trolls
  12 blink frogs
  16 dream sheep
  Sigmund (D:2)
  4 slime creatures (D:13)
  A wraith (D:13)
  5 wyverns
  Grum (D:9)
  7 basilisks
  83 yaks
  10 humans (D:14)
  5 steam dragons
  2 acid dragons
  3 nagas (Lair:2)
  4 hell hounds (Lair:5)
  2 glowing shapeshifter skeletons (D:15)
  14 water moccasins
  A sky beast (D:7)
  An ice beast (D:6)
  5 black bears
  6 orc warriors
  An ogre (D:4)
  23 wolves
  11 centaurs
  A kobold brigand (D:10)
  13 bullfrogs
  2 scorpions
  31 wights
  9 killer bees (D:9)
  4 howler monkeys
  9 electric eels
  5 lava snakes (Lair:5)
  4 jellies
  An orc priest (D:9)
  A gnoll bouda (Lair:4)
  8 hounds
  2 sleepcaps (D:6)
  Ijyb (D:3)
  5 iguanas
  5 orc wizards
  8 hell rats
  10 gnolls
  6 adders
  A shadow imp (D:7)
  2 white imps
  A worm (D:4)
  4 dart slugs
  30 orcs
  6 bats
  5 endoplasms
  4 giant cockroaches
  11 hobgoblins
  7 jackals
  A quokka (D:4)
  7 ball pythons
  5 frilled lizards
  6 goblins
  14 kobolds
  9 rats
  A spectral orc (D:4)
555 creatures vanquished.

Vanquished Creatures (others)
  2 humans (D:14)
2 creatures vanquished.

Grand Total: 557 creatures vanquished

Notes
Turn   | Place    | Note
-------+----------+-------------------------------------------
     0 | D:1      | qw the Gargoyle Fighter began the quest for the Orb.
     0 | D:1      | Reached XP level 1. HP: 14/14 MP: 1/1
     0 | D:1      | 0 ||| qw: Version: 0.3-a-9-g12657ce
     0 | D:1      | 0 ||| qw: Game counter: 1573
     0 | D:1      | 0 ||| qw: Always use a shield: true
     0 | D:1      | 0 ||| qw: God list: Okawaru
     0 | D:1      | 0 ||| qw: Allow faded altars: false
     0 | D:1      | 0 ||| qw: Do Orc after D:15 true
     0 | D:1      | 0 ||| qw: Do second Lair branch before Depths: true
     0 | D:1      | 0 ||| qw: Lair rune preference: random
     0 | D:1      | 0 ||| qw: Plans: Normal, Zot:1-4, Slime:5, God:TSO, Crypt,
                  | Tomb, Abyss, Pan, Hells, Win
     0 | D:1      | 0 ||| PLANNING D:1-11
    85 | D:1      | 85 ||| Stepping ~*~*~tactically~*~*~ (hiding).
    87 | D:1      | 87 ||| Stepping ~*~*~tactically~*~*~ (hiding).
    88 | D:1      | 88 ||| Stepping ~*~*~tactically~*~*~ (hiding).
    90 | D:1      | 90 ||| Stepping ~*~*~tactically~*~*~ (hiding).
    95 | D:1      | 95 ||| Stepping ~*~*~tactically~*~*~ (stealth).
   102 | D:1      | Reached skill level 2 in Axes
   166 | D:1      | HP: 3/14 [gnoll/+0 spear (2)]
   168 | D:1      | Reached XP level 2. HP: 5/19 MP: 2/2
   526 | D:1      | Reached skill level 3 in Axes
   633 | D:1      | Reached XP level 3. HP: 23/23 MP: 3/3
   686 | D:1      | 686 ||| Stepping ~*~*~tactically~*~*~ (stealth).
   687 | D:1      | 687 ||| Stepping ~*~*~tactically~*~*~ (stealth).
   766 | D:1      | 766 ||| Stepping ~*~*~tactically~*~*~ (stealth).
   767 | D:1      | 767 ||| Stepping ~*~*~tactically~*~*~ (stealth).
   768 | D:1      | 768 ||| Stepping ~*~*~tactically~*~*~ (stealth).
   924 | D:1      | 924 ||| READING scroll labelled YLOISE HUC ASU.
   925 | D:1      | 925 ||| READING scroll labelled ETEOMEULICH.
   926 | D:1      | 926 ||| READING scroll labelled WARORO JOASOMA.
   927 | D:1      | 927 ||| READING scroll labelled SIHONU ZYER.
   933 | D:2      | Noticed Sigmund
   940 | D:2      | HP: 5/23 [something (18)]
   941 | D:2      | 941 ||| STAIRDANCE
  1020 | D:2      | 1020 ||| STAIRDANCE
  1048 | D:2      | Killed Sigmund
  1049 | D:2      | Reached skill level 5 in Axes
  1049 | D:2      | Reached XP level 4. HP: 10/28 MP: 4/4
  1049 | D:2      | Reached XP level 5. HP: 12/32 MP: 5/5
  1062 | D:2      | 1062 ||| FLEEEEING.
  1063 | D:2      | 1063 ||| FLEEEEING.
  1064 | D:2      | 1064 ||| FLEEEEING.
  1065 | D:2      | 1065 ||| STAIRDANCE
  1329 | D:2      | 1329 ||| READING scroll of enchant weapon.
  1329 | D:2      | 1329 ||| ENCHANTING +1 war axe of electrocution.
  1345 | D:2      | 1345 ||| Stepping ~*~*~tactically~*~*~ (hiding).
  1544 | D:2      | 1544 ||| Stepping ~*~*~tactically~*~*~ (stealth).
  1545 | D:2      | 1545 ||| Stepping ~*~*~tactically~*~*~ (stealth).
  1553 | D:2      | Reached XP level 6. HP: 35/38 MP: 6/6
  1983 | D:2      | Found Qoegasar's Book Boutique.
  2056 | D:2      | 2056 ||| READING scroll labelled FEUSO HISOWK.
  2057 | D:2      | 2057 ||| READING scroll labelled DIUWNO NUMONT.
  2062 | D:2      | 2062 ||| READING scroll labelled UGEUXE ENEIST.
  2127 | D:3      | 2127 ||| Stepping ~*~*~tactically~*~*~ (stealth).
  2338 | D:3      | 2338 ||| Stepping ~*~*~tactically~*~*~ (hiding).
  2521 | D:3      | Noticed Ijyb
  2522 | D:3      | 2522 ||| Stepping ~*~*~tactically~*~*~ (hiding).
  2523 | D:3      | 2523 ||| Stepping ~*~*~tactically~*~*~ (hiding).
  2531 | D:3      | HP: 7/38 [Ijyb/bolt of light (9)]
  2532 | D:3      | Killed Ijyb
  2533 | D:3      | Reached skill level 1 in Dodging
  2722 | D:3      | 2722 ||| DROPPING +0 club.
  2811 | D:3      | 2811 ||| Stepping ~*~*~tactically~*~*~ (hiding).
  2819 | D:3      | Identified the +12 broad axe of the Demagogue {flame, rPois
                  | rCorr Int-2}
  2821 | D:3      | 2821 ||| Stepping ~*~*~tactically~*~*~ (hiding).
  2823 | D:3      | 2823 ||| Stepping ~*~*~tactically~*~*~ (hiding).
  2825 | D:3      | 2825 ||| Stepping ~*~*~tactically~*~*~ (hiding).
  2842 | D:3      | 2842 ||| SWAPPING to +12 broad axe of the Demagogue {flame,
                  | rPois rCorr Int-2}.
  2843 | D:3      | 2843 ||| DROPPING +0 mace.
  3058 | D:3      | 3058 ||| READING scroll labelled BEIRIETASCH.
  3459 | D:4      | Reached skill level 6 in Axes
  3648 | D:4      | Reached XP level 7. HP: 43/43 MP: 7/7
  3687 | D:4      | Found a basalt altar of Yredelemnul.
  3710 | D:4      | 3710 ||| Stepping ~*~*~tactically~*~*~ (stealth).
  3928 | D:4      | 3928 ||| UPGRADING to +0 chain mail.
  3938 | D:4      | 3938 ||| DROPPING +0 scale mail.
  3964 | D:5      | Entered Level 5 of the Dungeon
  4060 | D:5      | Reached skill level 7 in Axes
  4073 | D:5      | Found an iron altar of Okawaru.
  4074 | D:5      | 4074 ||| PLANNING OKAWARU WORSHIP
  4074 | D:5      | 4074 ||| READING scroll labelled WIACHY KAMAVIGYN.
  4097 | D:5      | Became a worshipper of Warmaster Okawaru
  4098 | D:5      | 4098 ||| PLANNING D:1-11
  4133 | D:5      | 4133 ||| Stepping ~*~*~tactically~*~*~ (hiding).
  4685 | D:5      | Reached skill level 1 in Throwing
  4685 | D:5      | Reached XP level 8. HP: 49/49 MP: 8/8
  4876 | D:5      | 4876 ||| UPGRADING to +0 pair of gloves.
  4881 | D:5      | 4881 ||| DRINKING 2 murky grey potions.
  4882 | D:5      | 4882 ||| DRINKING 2 pink potions.
  4967 | D:6      | 4967 ||| Stepping ~*~*~tactically~*~*~ (hiding).
  4968 | D:6      | 4968 ||| Stepping ~*~*~tactically~*~*~ (hiding).
  4969 | D:6      | 4969 ||| Stepping ~*~*~tactically~*~*~ (hiding).
  4974 | D:6      | Reached * piety under Okawaru
  4979 | D:6      | Reached skill level 1 in Invocations
  4987 | D:6      | 4987 ||| INVOKING Heroism.
  4994 | D:6      | Reached skill level 8 in Axes
  5139 | D:6      | 5139 ||| INVOKING Heroism.
  5141 | D:6      | 5141 ||| Stepping ~*~*~tactically~*~*~ (stealth).
  5143 | D:6      | 5143 ||| Stepping ~*~*~tactically~*~*~ (stealth).
  5213 | D:6      | 5213 ||| DROPPING +0 heavy war axe.
  5247 | D:6      | Reached skill level 3 in Invocations
  5267 | D:6      | Found a staircase to the Ecumenical Temple.
  5282 | D:6      | 5282 ||| Stepping ~*~*~tactically~*~*~ (stealth).
  5288 | D:6      | Reached skill level 6 in Fighting
  5351 | D:6      | Found a stormy altar of Qazlal.
  5372 | D:6      | Found a blossoming altar of Fedhas.
  5402 | D:6      | Reached XP level 9. HP: 55/55 MP: 11/11
  5440 | D:6      | 5440 ||| READING scroll labelled SELLUY ROSM.
  5441 | D:6      | 5441 ||| READING 4 scrolls of identify.
  5441 | D:6      | 5441 ||| IDENTIFYING brown potion
  5442 | D:6      | 5442 ||| READING 3 scrolls of identify.
  5442 | D:6      | 5442 ||| IDENTIFYING bubbling sapphire potion
  5443 | D:6      | 5443 ||| READING 2 scrolls of identify.
  5443 | D:6      | 5443 ||| IDENTIFYING purple potion
  5444 | D:6      | 5444 ||| DROPPING potion of ambrosia.
  5445 | D:6      | 5445 ||| DROPPING potion of degeneration.
  5488 | D:7      | Noticed Maggie
  5489 | D:7      | 5489 ||| Stepping ~*~*~tactically~*~*~ (hiding).
  5499 | D:7      | Killed Maggie
  5504 | D:7      | 5504 ||| Stepping ~*~*~tactically~*~*~ (cloud).
  5568 | D:7      | 5568 ||| Stepping ~*~*~tactically~*~*~ (water).
  5663 | D:7      | 5663 ||| INVOKING Heroism.
  5702 | D:7      | Reached skill level 9 in Axes
  5708 | D:7      | 5708 ||| Stepping ~*~*~tactically~*~*~ (hiding).
  5709 | D:7      | 5709 ||| Stepping ~*~*~tactically~*~*~ (hiding).
  5712 | D:7      | 5712 ||| Stepping ~*~*~tactically~*~*~ (hiding).
  5715 | D:7      | Reached ** piety under Okawaru
  5853 | D:7      | 5853 ||| Stepping ~*~*~tactically~*~*~ (hiding).
  5854 | D:7      | 5854 ||| Stepping ~*~*~tactically~*~*~ (hiding).
  5991 | D:7      | 5991 ||| Stepping ~*~*~tactically~*~*~ (stealth).
  6110 | D:7      | 6110 ||| Stepping ~*~*~tactically~*~*~ (hiding).
  6111 | D:7      | 6111 ||| Stepping ~*~*~tactically~*~*~ (hiding).
  6112 | D:7      | 6112 ||| Stepping ~*~*~tactically~*~*~ (hiding).
  6113 | D:7      | 6113 ||| Stepping ~*~*~tactically~*~*~ (hiding).
  6137 | D:7      | 6137 ||| INVOKING Heroism.
  6452 | D:7      | Found a sacrificial altar of Ru.
  6485 | D:7      | 6485 ||| Stepping ~*~*~tactically~*~*~ (stealth).
  6486 | D:7      | 6486 ||| Stepping ~*~*~tactically~*~*~ (stealth).
  6488 | D:7      | 6488 ||| INVOKING Heroism.
  6632 | D:7      | 6632 ||| INVOKING Heroism.
  6997 | D:7      | 6997 ||| UPGRADING to amulet of faith.
  7002 | D:7      | 7002 ||| READING scroll labelled KOODI FO KUNTY.
  7003 | D:7      | 7003 ||| DRINKING 2 murky sapphire potions.
  7004 | D:7      | 7004 ||| DRINKING 2 fuming amethyst potions.
  7004 | D:7      | Gained mutation: You have a somewhat thin skeletal
                  | structure. (Dex +2, Stealth+) [potion of mutation]
  7004 | D:7      | Gained mutation: You have a pair of small horns on your
                  | head. [potion of mutation]
  7033 | D:8      | Noticed a two-headed ogre
  7034 | D:8      | 7034 ||| INVOKING Heroism.
  7038 | D:8      | Killed a two-headed ogre
  7039 | D:8      | Reached skill level 10 in Axes
  7039 | D:8      | Reached XP level 10. HP: 63/63 MP: 10/13
  7084 | D:8      | 7084 ||| Stepping ~*~*~tactically~*~*~ (hiding).
  7085 | D:8      | 7085 ||| Stepping ~*~*~tactically~*~*~ (hiding).
  7087 | D:8      | 7087 ||| Stepping ~*~*~tactically~*~*~ (hiding).
  7252 | D:8      | 7252 ||| INVOKING Heroism.
  7268 | D:8      | Found Zin's Purification Station.
  7270 | D:8      | Found a glowing silver altar of Zin.
  7276 | D:8      | 7276 ||| BUYING 2 potions of curing (180 gold).
  7276 | D:8      | Bought 2 potions of curing for 180 gold pieces
  7305 | D:8      | Found a shimmering altar of Xom.
  7305 | D:8      | Found a shadowy altar of Dithmenos.
  7461 | D:8      | Found a bloodstained altar of Trog.
  7461 | D:8      | Found a radiant altar of Vehumet.
  7581 | D:8      | 7581 ||| Stepping ~*~*~tactically~*~*~ (hiding).
  7582 | D:8      | 7582 ||| Stepping ~*~*~tactically~*~*~ (hiding).
  7690 | D:8      | 7690 ||| Stepping ~*~*~tactically~*~*~ (hiding).
  7691 | D:8      | 7691 ||| Stepping ~*~*~tactically~*~*~ (hiding).
  7692 | D:8      | 7692 ||| Stepping ~*~*~tactically~*~*~ (hiding).
  7835 | D:8      | Reached *** piety under Okawaru
  8011 | D:8      | 8011 ||| INVOKING Heroism.
  8012 | D:8      | 8012 ||| Stepping ~*~*~tactically~*~*~ (hiding).
  8021 | D:8      | 8021 ||| Stepping ~*~*~tactically~*~*~ (cloud).
  8249 | D:8      | 8249 ||| READING 2 scrolls of identify.
  8249 | D:8      | 8249 ||| IDENTIFYING black potion
  8309 | D:9      | 8309 ||| Stepping ~*~*~tactically~*~*~ (hiding).
  8310 | D:9      | 8310 ||| Stepping ~*~*~tactically~*~*~ (hiding).
  8311 | D:9      | 8311 ||| Stepping ~*~*~tactically~*~*~ (hiding).
  8347 | D:9      | 8347 ||| Stepping ~*~*~tactically~*~*~ (stealth).
  8350 | D:9      | 8350 ||| Stepping ~*~*~tactically~*~*~ (stealth).
  8388 | D:9      | 8388 ||| Stepping ~*~*~tactically~*~*~ (stealth).
  8389 | D:9      | 8389 ||| Stepping ~*~*~tactically~*~*~ (stealth).
  8393 | D:9      | Reached skill level 11 in Axes
  8393 | D:9      | 8393 ||| Stepping ~*~*~tactically~*~*~ (stealth).
  8394 | D:9      | 8394 ||| Stepping ~*~*~tactically~*~*~ (stealth).
  8396 | D:9      | 8396 ||| Stepping ~*~*~tactically~*~*~ (stealth).
  8469 | D:9      | Reached **** piety under Okawaru
  8470 | D:9      | Noticed Grum
  8471 | D:9      | 8471 ||| INVOKING Heroism.
  8475 | D:9      | Killed Grum
  8542 | D:9      | 8542 ||| Stepping ~*~*~tactically~*~*~ (stealth).
  8544 | D:9      | 8544 ||| Stepping ~*~*~tactically~*~*~ (stealth).
  8546 | D:9      | 8546 ||| Stepping ~*~*~tactically~*~*~ (stealth).
  8547 | D:9      | 8547 ||| Stepping ~*~*~tactically~*~*~ (stealth).
  8625 | D:9      | 8625 ||| INVOKING Heroism.
  8627 | D:9      | Reached skill level 9 in Fighting
  8789 | D:9      | Found a transporter.
  9088 | D:9      | Reached XP level 11. HP: 53/71 MP: 14/14
  9248 | D:9      | 9248 ||| Stepping ~*~*~tactically~*~*~ (hiding).
  9252 | D:9      | 9252 ||| INVOKING Heroism.
  9278 | D:9      | Found a transporter.
  9281 | D:9      | 9281 ||| UPGRADING to +4 chain mail.
  9291 | D:9      | 9291 ||| DROPPING +0 chain mail.
  9336 | D:10     | Entered Level 10 of the Dungeon
  9345 | D:10     | Found Vomnar's Jewellery Emporium.
  9348 | D:10     | 9348 ||| SHOPLISTING +4 ring of slaying (858 gold, have
                  | 337).
  9348 | D:10     | 9348 ||| SHOPLISTING +5 ring of evasion (396 gold, have
                  | 337).
  9348 | D:10     | 9348 ||| SHOPLISTING ring "Varir" {Drain Fly rCorr Str+4
                  | Stlth+} (392 gold, have 337).
  9348 | D:10     | 9348 ||| BUYING ring of positive energy (220 gold).
  9348 | D:10     | Bought a ring of positive energy for 220 gold pieces
  9348 | D:10     | 9348 ||| SHOPLISTING ring of willpower (275 gold, have
                  | 117).
  9369 | D:10     | 9369 ||| DROPPING +2 war axe of electrocution.
  9407 | D:10     | Found Arie's Magic Scroll Shop.
  9412 | D:10     | 9412 ||| BUYING scroll of enchant weapon (97 gold).
  9412 | D:10     | Bought a scroll of enchant weapon for 97 gold pieces
  9412 | D:10     | 9412 ||| SHOPLISTING scroll of identify (26 gold, have 20).
  9428 | D:10     | Found Zicim's Magic Scroll Emporium.
  9435 | D:10     | 9435 ||| SHOPLISTING 2 scrolls of identify (44 gold, have
                  | 20).
  9435 | D:10     | 9435 ||| SHOPLISTING scroll of enchant armour (82 gold,
                  | have 20).
  9435 | D:10     | 9435 ||| SHOPLISTING scroll of identify (22 gold, have 20).
  9451 | D:10     | Found Acezxah's General Store.
  9455 | D:10     | 9455 ||| SHOPLISTING +0 chain mail of cold resistance (149
                  | gold, have 20).
  9455 | D:10     | 9455 ||| SHOPLISTING potion of curing (39 gold, have 20).
  9480 | D:10     | Found Kyinorho's Assorted Antiques.
  9484 | D:10     | 9484 ||| SHOPLISTING 3 scrolls labelled LILIUKLAVIN (84
                  | gold, have 34).
  9484 | D:10     | 9484 ||| SHOPLISTING glowing scarf (224 gold, have 34).
  9484 | D:10     | 9484 ||| SHOPLISTING potion of curing (84 gold, have 34).
  9484 | D:10     | 9484 ||| BUYING scroll labelled UXITWAYTEE (28 gold).
  9484 | D:10     | Bought a scroll labelled UXITWAYTEE for 28 gold pieces
  9484 | D:10     | 9484 ||| SHOPLISTING scroll of brand weapon (266 gold, have
                  | 6).
  9499 | D:10     | 9499 ||| INVOKING Heroism.
  9505 | D:10     | Reached skill level 6 in Armour
  9518 | D:10     | Reached skill level 6 in Invocations
  9536 | D:10     | 9536 ||| FLEEEEING.
  9537 | D:10     | 9537 ||| FLEEEEING.
  9538 | D:10     | 9538 ||| FLEEEEING.
  9539 | D:10     | 9539 ||| FLEEEEING.
  9540 | D:10     | 9540 ||| FLEEEEING.
  9617 | D:10     | Found a staircase to the Lair.
  9630 | D:10     | 9630 ||| Stepping randomly (disturbance).
  9643 | D:10     | 9643 ||| INVOKING Heroism.
  9670 | D:10     | 9670 ||| Stepping ~*~*~tactically~*~*~ (water).
  9681 | D:10     | 9681 ||| Stepping ~*~*~tactically~*~*~ (water).
  9856 | D:10     | Reached ***** piety under Okawaru
  9908 | D:10     | 9908 ||| Stepping ~*~*~tactically~*~*~ (stealth).
  9917 | D:10     | 9917 ||| Stepping ~*~*~tactically~*~*~ (hiding).
  9952 | D:10     | Noticed a manticore
  9953 | D:10     | 9953 ||| INVOKING Heroism.
  9962 | D:10     | Killed a manticore
 10164 | D:10     | 10164 ||| INVOKING Heroism.
 10219 | D:10     | Noticed a centaur warrior
 10225 | D:10     | Killed a centaur warrior
 10386 | D:10     | 10386 ||| PLANNING LAIR
 10386 | D:10     | 10386 ||| UPGRADING to ring of positive energy.
 10387 | D:10     | 10387 ||| UPGRADING to +4 ring of protection.
 10388 | D:10     | 10388 ||| READING scroll labelled UXITWAYTEE.
 10402 | Lair:1   | Entered Level 1 of the Lair of Beasts
 10407 | Lair:1   | 10407 ||| READING 3 scrolls of enchant armour.
 10407 | Lair:1   | 10407 ||| ENCHANTING +0 pair of gloves.
 10408 | Lair:1   | 10408 ||| READING 2 scrolls of enchant armour.
 10408 | Lair:1   | 10408 ||| ENCHANTING +1 pair of gloves.
 10443 | Lair:1   | 10443 ||| INVOKING Heroism.
 10452 | Lair:1   | Received a gift from Okawaru
 10459 | Lair:1   | Reached skill level 12 in Axes
 10475 | Lair:1   | Reached skill level 6 in Shields
 10477 | Lair:1   | Reached skill level 9 in Invocations
 10481 | Lair:1   | Reached XP level 12. HP: 56/77 MP: 18/18
 10559 | Lair:1   | Identified the +0 cloak of Qeuhot {Will- Str+5}
 10659 | Lair:1   | 10659 ||| INVOKING Heroism.
 10840 | Lair:1   | Received a gift from Okawaru
 10854 | Lair:1   | Found a dark tunnel.
 10934 | Lair:1   | 10934 ||| INVOKING Heroism.
 11160 | Lair:1   | 11160 ||| Stepping ~*~*~tactically~*~*~ (stealth).
 11162 | Lair:1   | 11162 ||| Stepping ~*~*~tactically~*~*~ (stealth).
 11164 | Lair:1   | 11164 ||| Stepping ~*~*~tactically~*~*~ (stealth).
 11188 | Lair:1   | Identified the +1 pair of gloves "Fuulioc" {Harm rC- Dex+4}
                  | (Okawaru gifted it to you on level 1 of the Lair of Beasts)
 11188 | Lair:1   | Received a gift from Okawaru
 11334 | Lair:1   | Noticed a catoblepas
 11335 | Lair:1   | 11335 ||| INVOKING Heroism.
 11336 | Lair:1   | 11336 ||| INVOKING Finesse.
 11343 | Lair:1   | Killed a catoblepas
 11344 | Lair:1   | Reached skill level 3 in Throwing
 11598 | Lair:1   | 11598 ||| UPGRADING to +0 cloak of Qeuhot {Will- Str+5}.
 11603 | Lair:1   | 11603 ||| READING 4 scrolls labelled YCHIGI LYTOEB.
 11604 | Lair:1   | 11604 ||| DRINKING 2 green potions.
 11605 | Lair:1   | 11605 ||| DRINKING 2 sedimented sapphire potions.
 11606 | Lair:1   | 11606 ||| DROPPING potion of brilliance.
 11607 | Lair:1   | 11607 ||| DROPPING 3 scrolls of immolation.
 11711 | Lair:2   | 11711 ||| Stepping ~*~*~tactically~*~*~ (stealth).
 11756 | Lair:2   | Found a staircase to the Shoals.
 11820 | Lair:2   | Noticed a catoblepas
 11821 | Lair:2   | 11821 ||| Stepping ~*~*~tactically~*~*~ (stealth).
 11824 | Lair:2   | 11824 ||| Stepping ~*~*~tactically~*~*~ (hiding).
 11826 | Lair:2   | 11826 ||| INVOKING Heroism.
 11827 | Lair:2   | 11827 ||| INVOKING Finesse.
 11833 | Lair:2   | Killed a catoblepas
 11834 | Lair:2   | Reached skill level 13 in Axes
 11999 | Lair:2   | Noticed a death yak
 12000 | Lair:2   | 12000 ||| INVOKING Heroism.
 12001 | Lair:2   | 12001 ||| INVOKING Finesse.
 12002 | Lair:2   | Noticed a death yak
 12015 | Lair:2   | Killed a death yak
 12016 | Lair:2   | Reached skill level 3 in Dodging
 12021 | Lair:2   | Killed a death yak
 12079 | Lair:2   | Noticed a death yak
 12080 | Lair:2   | 12080 ||| INVOKING Heroism.
 12081 | Lair:2   | 12081 ||| INVOKING Finesse.
 12086 | Lair:2   | Noticed a death yak
 12088 | Lair:2   | Noticed a death yak
 12092 | Lair:2   | Killed a death yak
 12102 | Lair:2   | Killed a death yak
 12103 | Lair:2   | Reached XP level 13. HP: 82/82 MP: 14/20
 12194 | Lair:2   | Reached skill level 14 in Axes
 12261 | Lair:2   | 12261 ||| Stepping ~*~*~tactically~*~*~ (stealth).
 12262 | Lair:2   | 12262 ||| INVOKING Heroism.
 12301 | Lair:2   | 12301 ||| Stepping ~*~*~tactically~*~*~ (hiding).
 12302 | Lair:2   | 12302 ||| Stepping ~*~*~tactically~*~*~ (hiding).
 12304 | Lair:2   | 12304 ||| Stepping ~*~*~tactically~*~*~ (hiding).
 12305 | Lair:2   | 12305 ||| Stepping ~*~*~tactically~*~*~ (hiding).
 12332 | Lair:2   | 12332 ||| INVOKING Heroism.
 12359 | Lair:2   | 12359 ||| Stepping ~*~*~tactically~*~*~ (stealth).
 12366 | Lair:2   | 12366 ||| Stepping ~*~*~tactically~*~*~ (stealth).
 12369 | Lair:2   | 12369 ||| Stepping ~*~*~tactically~*~*~ (stealth).
 12407 | Lair:2   | 12407 ||| INVOKING Heroism.
 12451 | Lair:2   | 12451 ||| INVOKING Heroism.
 12503 | Lair:2   | 12503 ||| Stepping ~*~*~tactically~*~*~ (hiding).
 12509 | Lair:2   | 12509 ||| Stepping ~*~*~tactically~*~*~ (hiding).
 12514 | Lair:2   | Found a staircase to the Snake Pit.
 12654 | Lair:2   | 12654 ||| Stepping ~*~*~tactically~*~*~ (stealth).
 12927 | Lair:2   | 12927 ||| UPGRADING to +0 kite shield.
 12937 | Lair:2   | 12937 ||| DROPPING +0 buckler.
 12938 | Lair:2   | 12938 ||| READING scroll labelled GAEPIUTZAB.
 13039 | Lair:2   | 13039 ||| READING 4 scrolls of identify.
 13039 | Lair:2   | 13039 ||| IDENTIFYING fuming cyan potion
 13122 | Lair:3   | 13122 ||| INVOKING Heroism.
 13123 | Lair:3   | 13123 ||| INVOKING Finesse.
 13146 | Lair:3   | Received a gift from Okawaru
 13205 | Lair:3   | 13205 ||| INVOKING Heroism.
 13206 | Lair:3   | 13206 ||| INVOKING Finesse.
 13217 | Lair:3   | Reached skill level 9 in Shields
 13268 | Lair:3   | 13268 ||| Stepping ~*~*~tactically~*~*~ (stealth).
 13270 | Lair:3   | 13270 ||| Stepping ~*~*~tactically~*~*~ (stealth).
 13362 | Lair:3   | 13362 ||| INVOKING Heroism.
 13825 | Lair:4   | 13825 ||| Stepping ~*~*~tactically~*~*~ (stealth).
 13839 | Lair:4   | Found a staircase to the Slime Pits.
 13962 | Lair:4   | 13962 ||| INVOKING Heroism.
 14123 | Lair:4   | 14123 ||| INVOKING Heroism.
 14156 | Lair:4   | 14156 ||| Stepping ~*~*~tactically~*~*~ (stealth).
 14157 | Lair:4   | 14157 ||| Stepping ~*~*~tactically~*~*~ (stealth).
 14158 | Lair:4   | 14158 ||| Stepping ~*~*~tactically~*~*~ (stealth).
 14215 | Lair:4   | 14215 ||| INVOKING Heroism.
 14261 | Lair:4   | Gained mutation: Your large and strong wings let you fly.
                  | [Gargoyle growth]
 14261 | Lair:4   | Reached XP level 14. HP: 88/88 MP: 21/21
 14475 | Lair:4   | 14475 ||| INVOKING Heroism.
 14727 | Lair:5   | Entered Level 5 of the Lair of Beasts
 14728 | Lair:5   | 14728 ||| STAIRDANCE
 14839 | Lair:5   | 14839 ||| STAIRDANCE
 14846 | Lair:4   | Reached skill level 12 in Shields
 14883 | Lair:5   | 14883 ||| STAIRDANCE
 14885 | Lair:4   | 14885 ||| INVOKING Heroism.
 14997 | Lair:5   | 14997 ||| STAIRDANCE
 15158 | Lair:5   | 15158 ||| Stepping ~*~*~tactically~*~*~ (stealth).
 15281 | Lair:5   | 15281 ||| Stepping ~*~*~tactically~*~*~ (stealth).
 15324 | Lair:5   | Received a gift from Okawaru
 15331 | Lair:5   | 15331 ||| Stepping ~*~*~tactically~*~*~ (stealth).
 15355 | Lair:5   | 15355 ||| Stepping ~*~*~tactically~*~*~ (stealth).
 15358 | Lair:5   | 15358 ||| Stepping ~*~*~tactically~*~*~ (stealth).
 15455 | Lair:5   | Received a gift from Okawaru
 15472 | Lair:5   | 15472 ||| INVOKING Heroism.
 15593 | Lair:5   | 15593 ||| Stepping ~*~*~tactically~*~*~ (stealth).
 15594 | Lair:5   | 15594 ||| Stepping ~*~*~tactically~*~*~ (stealth).
 15595 | Lair:5   | 15595 ||| Stepping ~*~*~tactically~*~*~ (stealth).
 15597 | Lair:5   | 15597 ||| Stepping ~*~*~tactically~*~*~ (hiding).
 15748 | Lair:5   | 15748 ||| Stepping ~*~*~tactically~*~*~ (stealth).
 15806 | Lair:5   | 15806 ||| Stepping ~*~*~tactically~*~*~ (stealth).
 15808 | Lair:5   | 15808 ||| Stepping ~*~*~tactically~*~*~ (hiding).
 15810 | Lair:5   | 15810 ||| Stepping ~*~*~tactically~*~*~ (hiding).
 15823 | Lair:5   | 15823 ||| Stepping ~*~*~tactically~*~*~ (stealth).
 15825 | Lair:5   | 15825 ||| Stepping ~*~*~tactically~*~*~ (hiding).
 15852 | Lair:5   | 15852 ||| Stepping ~*~*~tactically~*~*~ (stealth).
 15854 | Lair:5   | 15854 ||| Stepping ~*~*~tactically~*~*~ (stealth).
 15855 | Lair:5   | 15855 ||| Stepping ~*~*~tactically~*~*~ (stealth).
 15868 | Lair:5   | 15868 ||| INVOKING Heroism.
 15904 | Lair:5   | 15904 ||| Stepping ~*~*~tactically~*~*~ (stealth).
 15908 | Lair:5   | 15908 ||| Stepping ~*~*~tactically~*~*~ (stealth).
 15911 | Lair:5   | 15911 ||| Stepping ~*~*~tactically~*~*~ (stealth).
 15966 | Lair:5   | 15966 ||| Stepping ~*~*~tactically~*~*~ (hiding).
 15972 | Lair:5   | Received a gift from Okawaru
 16012 | Lair:5   | 16012 ||| Stepping ~*~*~tactically~*~*~ (stealth).
 16018 | Lair:5   | 16018 ||| Stepping ~*~*~tactically~*~*~ (stealth).
 16069 | Lair:5   | 16069 ||| INVOKING Heroism.
 16096 | Lair:5   | Reached skill level 15 in Axes
 16464 | Lair:5   | 16464 ||| Stepping ~*~*~tactically~*~*~ (stealth).
 16477 | Lair:5   | 16477 ||| FLEEEEING.
 16478 | Lair:5   | 16478 ||| FLEEEEING.
 16479 | Lair:5   | 16479 ||| FLEEEEING.
 16482 | Lair:5   | 16482 ||| FLEEEEING.
 16612 | Lair:5   | Found a large runed translucent door.
 16613 | Lair:5   | 16613 ||| Stepping ~*~*~tactically~*~*~ (stealth).
 16614 | Lair:5   | 16614 ||| Stepping ~*~*~tactically~*~*~ (stealth).
 16616 | Lair:5   | Found a large runed translucent door.
 16624 | Lair:5   | 16624 ||| Stepping ~*~*~tactically~*~*~ (stealth).
 16625 | Lair:5   | 16625 ||| Stepping ~*~*~tactically~*~*~ (stealth).
 16989 | Lair:5   | 16989 ||| PLANNING D:1-11
 17187 | D:11     | 17187 ||| INVOKING Heroism.
 17191 | D:11     | Reached skill level 6 in Throwing
 17392 | D:11     | Found Amnooluff's Assorted Antiques.
 17419 | D:11     | Received a gift from Okawaru
 17462 | D:11     | Found a staircase to the Orcish Mines.
 17479 | D:11     | 17479 ||| Stepping ~*~*~tactically~*~*~ (stealth).
 17481 | D:11     | 17481 ||| Stepping ~*~*~tactically~*~*~ (hiding).
 17483 | D:11     | 17483 ||| Stepping ~*~*~tactically~*~*~ (hiding).
 17484 | D:11     | 17484 ||| Stepping ~*~*~tactically~*~*~ (hiding).
 17795 | D:11     | 17795 ||| PLANNING LAIR
 17795 | D:11     | 17795 ||| UPGRADING to ring of protection from cold.
 18042 | Lair:5   | 18042 ||| PLANNING D
 18114 | Lair:5   | 18114 ||| PLANNING LAIR
 18188 | Lair:5   | 18188 ||| PLANNING D
 18209 | Lair:5   | 18209 ||| PLANNING LAIR
 18229 | Lair:5   | 18229 ||| PLANNING D
 18266 | Lair:5   | 18266 ||| PLANNING LAIR
 18302 | Lair:5   | 18302 ||| PLANNING D
 18352 | Lair:5   | 18352 ||| PLANNING LAIR
 18404 | Lair:5   | 18404 ||| PLANNING D
 18459 | Lair:5   | 18459 ||| PLANNING LAIR
 18516 | Lair:5   | 18516 ||| PLANNING D
 18594 | Lair:5   | 18594 ||| PLANNING LAIR
 18668 | Lair:5   | 18668 ||| PLANNING D
 18710 | Lair:5   | 18710 ||| PLANNING LAIR
 18754 | Lair:5   | 18754 ||| PLANNING D
 18850 | Lair:5   | 18850 ||| PLANNING LAIR
 18938 | Lair:5   | 18938 ||| PLANNING D
 18992 | Lair:5   | 18992 ||| PLANNING LAIR
 19048 | Lair:5   | 19048 ||| PLANNING D
 19136 | Lair:5   | 19136 ||| PLANNING LAIR
 19226 | Lair:5   | 19226 ||| PLANNING D
 19285 | Lair:5   | 19285 ||| PLANNING LAIR
 19346 | Lair:5   | 19346 ||| PLANNING D
 19426 | Lair:5   | 19426 ||| PLANNING LAIR
 19508 | Lair:5   | 19508 ||| PLANNING D
 19594 | Lair:5   | 19594 ||| PLANNING LAIR
 19682 | Lair:5   | 19682 ||| PLANNING D
 19730 | Lair:5   | 19730 ||| PLANNING LAIR
 19780 | Lair:5   | 19780 ||| PLANNING D
 19847 | Lair:5   | 19847 ||| PLANNING LAIR
 19911 | Lair:5   | 19911 ||| PLANNING D
 19966 | Lair:5   | 19966 ||| PLANNING LAIR
 20023 | Lair:5   | 20023 ||| PLANNING D
 20087 | Lair:5   | 20087 ||| PLANNING LAIR
 20152 | Lair:5   | 20152 ||| Stepping randomly (stuck).
 20153 | Lair:5   | 20153 ||| PLANNING D
 20336 | D:12     | 20336 ||| Stepping randomly (disturbance).
 20357 | D:12     | Reached skill level 9 in Armour
 20361 | D:12     | Found Leutu's Weapon Boutique.
 20463 | D:12     | 20463 ||| Stepping ~*~*~tactically~*~*~ (hiding).
 20579 | D:12     | Identified the +1 hat of the Demon Prince {Will+ Str+4}
                  | (Okawaru gifted it to you on level 12 of the Dungeon)
 20579 | D:12     | Received a gift from Okawaru
 20732 | D:12     | 20732 ||| Stepping ~*~*~tactically~*~*~ (hiding).
 20733 | D:12     | 20733 ||| Stepping ~*~*~tactically~*~*~ (hiding).
 20734 | D:12     | 20734 ||| Stepping ~*~*~tactically~*~*~ (hiding).
 20866 | D:12     | 20866 ||| Stepping ~*~*~tactically~*~*~ (hiding).
 21104 | D:12     | 21104 ||| INVOKING Heroism.
 21105 | D:12     | 21105 ||| INVOKING Finesse.
 21212 | D:12     | Found a portal to a secret trove of treasure.
 21297 | D:12     | 21297 ||| UPGRADING to +1 hat of the Demon Prince {Will+
                  | Str+4}.
 21349 | D:13     | 21349 ||| INVOKING Heroism.
 21382 | D:13     | 21382 ||| INVOKING Heroism.
 21422 | D:13     | 21422 ||| Stepping ~*~*~tactically~*~*~ (hiding).
 21423 | D:13     | 21423 ||| Stepping ~*~*~tactically~*~*~ (hiding).
 21428 | D:13     | Reached skill level 12 in Fighting
 21537 | D:13     | 21537 ||| Stepping ~*~*~tactically~*~*~ (hiding).
 21543 | D:13     | Reached XP level 15. HP: 96/96 MP: 22/22
 21901 | D:13     | 21901 ||| READING 7 scrolls of teleportation.
 21902 | D:13     | 21902 ||| INVOKING Heroism.
 21911 | D:13     | 21911 ||| Stepping ~*~*~tactically~*~*~ (stealth).
 21961 | D:13     | Found a runed translucent door.
 21964 | D:13     | Noticed Ined's ghost (journeyman MiBe)
 21975 | D:13     | 21975 ||| Stepping ~*~*~tactically~*~*~ (hiding).
 22247 | D:13     | 22247 ||| DROPPING scarf of shadows.
 22248 | D:13     | 22248 ||| UPGRADING to ring of see invisible.
 22275 | D:14     | Identified the +2 ring mail of Lugonu's Regard {Drain rElec
                  | SInv}
 22497 | D:14     | 22497 ||| INVOKING Heroism.
 22510 | D:14     | 22510 ||| Stepping ~*~*~tactically~*~*~ (hiding).
 22513 | D:14     | 22513 ||| Stepping ~*~*~tactically~*~*~ (hiding).
 22845 | D:14     | 22845 ||| INVOKING Heroism.
 23096 | D:14     | 23096 ||| Stepping ~*~*~tactically~*~*~ (stealth).
 23120 | D:14     | 23120 ||| Stepping ~*~*~tactically~*~*~ (stealth).
 23121 | D:14     | 23121 ||| Stepping ~*~*~tactically~*~*~ (stealth).
 23151 | D:14     | Found a gate to the Vaults.
 23536 | D:15     | Entered Level 15 of the Dungeon
 23560 | D:15     | 23560 ||| Stepping ~*~*~tactically~*~*~ (hiding).
 23561 | D:15     | 23561 ||| Stepping ~*~*~tactically~*~*~ (hiding).
 23563 | D:15     | 23563 ||| INVOKING Heroism.
 23734 | D:15     | 23734 ||| Stepping ~*~*~tactically~*~*~ (hiding).
 23735 | D:15     | 23735 ||| Stepping ~*~*~tactically~*~*~ (hiding).
 23803 | D:15     | Reached skill level 16 in Axes
 24029 | D:15     | 24029 ||| Stepping ~*~*~tactically~*~*~ (stealth).
 24031 | D:15     | 24031 ||| Stepping ~*~*~tactically~*~*~ (stealth).
 24134 | D:15     | 24134 ||| INVOKING Heroism.
 24159 | D:15     | HP: 17/96 [juggernaut zombie (15)]
 24159 | D:15     | Slain by a juggernaut zombie

Levels and vault maps discovered:
D:1:      lemuel_arrival_hallway, layout_loops_corners
D:2:      layout_basic, serial_shops, shop, uniq_sigmund
D:3:      layout_basic, nicolae_figureground_pulse, uniq_ijyb
D:4:      layout_loops_corners, yredelemnul_forgotten_temple_becter
D:5:      layout_basic, okawaru_trees_1, minmay_holes
D:6:      layout_rooms, grunt_temple_overflow_forces_of_nature,
          minmay_temple_entry_hall, minmay_liquid_box
D:7:      layout_layer_cave, kennysheep_mini, serial_bayou, serial_bayou_pond_b,
          serial_bayou_crossing, serial_bayou_shore_a, serial_bayou_lagoon_b,
          uniq_maggie
D:8:      layout_loops_corners, zin_purify, gammafunk_temple_overflow_statue,
          gammafunk_temple_overflow_wave, uniq_erica
D:9:      gammafunk_cloud_chamber, layout_loops_ring, uniq_grum
D:10:     layout_roguey, erik_lair_island, serial_shops, shop,
          nicolae_shop_back_alley_shop, nicolae_shop_tiny_real_fake_doors,
          nicolae_shop_rolling_square, nicolae_shop_tiny_waterfront
D:11:     layout_irregular_city, david_orc_2, serial_shops, shop
D:12:     layout_roguey, serial_shops, nicolae_square_shop,
          nicolae_trove_entry_diagonal
D:13:     layout_gridville, hellmonk_ghost_happy_afterlife
D:14:     layout_basic, ximxim_vaults_locker_room, dreamdust_mushroom_princess
D:15:     gammafunk_depths_entry_grave, layout_stronghold,
          chequers_serial_rivers_small_b
Lair:1:   layout_chaotic_city, enter_volcano_2, grunt_megastairs_4
Lair:2:   layout_small_grid, elwin_shoals_entry_rocks,
          nicolae_snake_entry_squirm
Lair:3:   layout_gridlike
Lair:4:   layout_small_grid, slime_entry_1
Lair:5:   cheibrodos_lair_end_hotspot, layout_layer_cave,
          dreamdust_gnoll_shepherd

Skill      XL: |  1  2  3  4  5  6  7  8  9 10 11 12 13 14 15 |
---------------+----------------------------------------------+-----
Axes           | 2 3 5 6 7 8 10 11 12 13 14 15 16 | 16.0
Fighting       | 4 5 6 7 9 10 12 | 12.0
Dodging        | 1 2 3 4 |  4.1
Throwing       | 1 2 3 6 |  6.2
Invocations    | 3 4 5 9 10 | 10.0
Armour         | 4 5 6 7 8 9 |  9.1
Shields        | 4 5 6 11 12 | 12.2

Action                     |  1- 3 |  4- 6 |  7- 9 | 10-12 | 13-15 || total
---------------------------+-------+-------+-------+-------+-------++-------
  Melee: War axe           |    71 |    83 |       |       |       ||   154
         Broad axe         |       |    19 |   133 |   342 |   549 ||  1043
         Headbutt          |       |       |       |    57 |   114 ||   171
  Throw: Boomerang         |       |    47 |    23 |    42 |    64 ||   176
         Javelin           |       |       |    17 |    13 |    55 ||    85
 Invoke: Heroism           |       |       |     7 |    16 |    24 ||    47
         Finesse           |       |       |       |     4 |     3 ||     7
    Use: Scroll            |     4 |     5 |     6 |     5 |     3 ||    23
         Potion            |       |       |     4 |     2 |       ||     6
 Armour: Scale mail        |    43 |    47 |     1 |       |       ||    91
         Chain mail        |       |       |    49 |   161 |   228 ||   438
  Dodge: Dodged            |    24 |    49 |    32 |   115 |   153 ||   373
  Block: Buckler           |     6 |    26 |    13 |    54 |     9 ||   108
         Kite shield       |       |       |       |       |   207 ||   207

Table legend:
 A = Non-vault XP
 B = Vault XP
 C = Vault XP percentage of total XP
 D = Non-vault monster count
 E = Vault monster count
 F = Vault count percentage of total count
                 A         B        C        D         E       F
            +---------+---------+-------+---------+---------+-------
      Total |   86622 |   16948 |  16.4 |     474 |      81 |  14.6
            +---------+---------+-------+---------+---------+-------
        D:1 |      50 |       0 |   0.0 |      25 |       0 |   0.0
        D:2 |      64 |     231 |  78.3 |      22 |       1 |   4.3
        D:3 |     120 |      39 |  24.5 |      26 |       1 |   3.7
        D:4 |     247 |       1 |   0.4 |      17 |       1 |   5.6
        D:5 |     646 |       0 |   0.0 |      12 |       0 |   0.0
        D:6 |     990 |       0 |   0.0 |      19 |       0 |   0.0
        D:7 |    1268 |     597 |  32.0 |      21 |       5 |  19.2
        D:8 |    2792 |       0 |   0.0 |      20 |       0 |   0.0
        D:9 |    1990 |     424 |  17.6 |      30 |       3 |   9.1
       D:10 |    4012 |     904 |  18.4 |      29 |       9 |  23.7
       D:11 |    2866 |     267 |   8.5 |      15 |       5 |  25.0
       D:12 |    4571 |     142 |   3.0 |      14 |       1 |   6.7
       D:13 |    5832 |       0 |   0.0 |      12 |       0 |   0.0
       D:14 |    3771 |    1933 |  33.9 |       6 |      10 |  62.5
       D:15 |    4922 |    2579 |  34.4 |      13 |       5 |  27.8
     Lair:1 |    9145 |    2131 |  18.9 |      49 |       9 |  15.5
     Lair:2 |   12713 |     473 |   3.6 |      38 |       3 |   7.3
     Lair:3 |    9103 |       0 |   0.0 |      26 |       0 |   0.0
     Lair:4 |   10750 |      41 |   0.4 |      40 |       1 |   2.4
     Lair:5 |   10770 |    7186 |  40.0 |      40 |      27 |  40.3
            +---------+---------+-------+---------+---------+-------
